 Dungeon Crawl Stone Soup version 0.18.1-48-g4cf74bf (webtiles) character file.

7525 GameOver the Transmogrifier (level 11, -3/84 HPs)
             Began as a Naga Transmuter on Sept 11, 2016.
             Was a High Priest of Okawaru.
             Slain by a hill giant
             ... wielding a +0 giant spiked club
              (43 damage)
             ... on level 11 of the Dungeon.
             The game lasted 01:35:31 (10531 turns).

GameOver the Transmogrifier (Naga Transmuter)      Turns: 10531, Time: 01:35:31

Health: -3/84      AC:  9    Str: 12    XL:     11   Next: 16%
Magic:  14/20      EV: 13    Int: 20    God:    Okawaru [*****.]
Gold:   474        SH:  2    Dex: 12    Spells: 4 memorised, 8 levels left

rFire  . . .     SeeInvis +       - Unarmed
rCold  + . .     Gourm    .     x - +0 steam dragon armour
rNeg   . . .     Faith    .     (shield currently unavailable)
rPois  +         Spirit   .     k - +0 helmet {Int+3}
rElec  .         Dismiss  .     u - +0 cloak
rCorr  .         Reflect  +     (gloves currently unavailable)
SustAt .         Harm     .     (no barding)
MR     +....                    y - +2 amulet of reflection
Stlth  +++++.....               (no ring)
                                i - ring of protection from cold

@: blade hands, heroism, very slow, somewhat resistant to hostile enchantments,
quite stealthy
A: see invisible, deformed body, poison resistance, slowness 2, slow metabolism
1, spit poison 2, AC +3
a: Spit Poison, End Transformation, Heroism, Finesse, Renounce Religion


You were on level 11 of the Dungeon.
You worshipped Okawaru.
Okawaru was extremely pleased with you.
You were not hungry.
You had blades for hands.
You visited 2 branches of the dungeon, and saw 12 of its levels.
You also visited: Ossuary.

You collected 526 gold pieces.
You spent 52 gold pieces at shops.

Inventory:

Hand Weapons
 e - a +2 whip of electrocution
 w - a +2 dagger of protection
 A - a +0 dagger of pain
 H - a +2 shortbow of flaming
 N - a +4 vampiric lajatang
Missiles
 a - 16 arrows
Armour
 k - a +0 helmet of intelligence (worn)
 q - a +0 pair of gloves (melded)
 r - a +0 storm dragon armour
 u - a +0 cloak (worn)
 x - a +0 steam dragon armour (worn)
 z - a +1 ring mail of fire resistance
 I - the +5 chain mail of Insatiable Hunger {rElec Int+7 Slay-6 Stlth+}
   (You found it on level 6 of the Dungeon)

   It affects your intelligence (+7).
   It affects your accuracy and damage with ranged weapons and melee attacks
   (-6).
   It insulates you from electricity.
   It makes you more stealthy.
 Q - a +0 buckler
Magical Staves
 f - an uncursed staff of power (melded)
Jewellery
 i - a ring of protection from cold (left scythe-like blade)
 y - a +2 amulet of reflection (around neck)
 K - an uncursed amulet of guardian spirit
Wands
 B - a wand of disintegration (19/24)
 E - a wand of slowing (27/48)
 J - a wand of acid (6/15)
Scrolls
 b - a scroll of vulnerability
 g - a scroll of noise {unknown}
 h - 2 scrolls of enchant weapon
 l - 4 scrolls of enchant armour
 m - 7 scrolls of remove curse
 o - 4 scrolls of teleportation
 p - a scroll of blinking
 t - a scroll of acquirement
 v - a scroll of amnesia
 L - 2 scrolls of recharging
Potions
 j - 2 potions of magic
 n - a potion of mutation
 s - 3 potions of flight
 C - 2 potions of brilliance
 F - 4 potions of resistance
 G - a potion of curing
 O - a potion of might {unknown}
 R - a potion of cancellation
Books
 c - a book of Changes

   Spells                             Type                      Level
   a - Beastly Appendage              Transmutation                1
   b - Sticks to Snakes               Transmutation                2
   c - Spider Form                    Transmutation/Poison         3
   d - Ice Form                       Ice/Transmutation            4
   e - Blade Hands                    Transmutation                5
 M - a book of Flames

   Spells                             Type                      Level
   a - Flame Tongue                   Conjuration/Fire             1
   b - Throw Flame                    Conjuration/Fire             2
   c - Conjure Flame                  Conjuration/Fire             3
   d - Inner Flame                    Hexes/Fire                   3
   e - Sticky Flame                   Conjuration/Fire             4
   f - Fireball                       Conjuration/Fire             5
Comestibles
 d - 14 bread rations
 D - 3 meat rations
 P - 7 chunks of flesh


   Skills:
 - Level 1.0(6.0) Fighting
 + Level 1.8(6.8) Dodging
 - Level 6.1(11.1) Stealth
 - Level 8.0(13.0) Unarmed Combat
 - Level 6.1 Spellcasting
 - Level 12.0 Transmutations
 - Level 4.3 Poison Magic
 + Level 4.0 Invocations


You had 8 spell levels left.
You knew the following spells:

 Your Spells              Type           Power        Failure   Level  Hunger
a - Ice Form              Ice/Trmt       ####....     45%         4    ####...
b - Sticks to Snakes      Trmt           ######..     8%          2    None
c - Spider Form           Trmt/Pois      #####.....   17%         3    ##.....
d - Blade Hands           Trmt           ######....   21%         5    #####..


Dungeon Overview and Level Annotations

Branches:
Dungeon (11/15)            Temple (1/1) D:5            Lair (0/8) D:8
    Orc: D:9-12

Altars:
Ashenzari
Cheibriados
Dithmenos
Elyvilon
Fedhas
Gozag
Kikubaaqudgha
Makhleb
Nemelex Xobeh
Okawaru
Pakellas
Qazlal
Ru
Sif Muna
Trog
Vehumet
Xom
Yredelemnul
Zin
The Shining One

Shops:
D:4 =   D:6 ?

Annotations:
D:3 Rationalist's ghost, amateur MiGl


Innate Abilities, Weirdness & Mutations

You cannot wear boots.
Your serpentine skin is tough (AC +3).
You have supernaturally acute eyesight.
Armour fits poorly on your strangely shaped body.
Your system is resistant to poisons.
You cover ground very slowly.
You have a slow metabolism.
You can spit poison.


Message History

The orc shouts!
You hit the hill giant.
The hill giant is lightly wounded.
The hill giant hits you with a giant spiked club!
You slash the hill giant!
The hill giant is lightly wounded.
The hill giant hits you with a giant spiked club!!
You gain the combat prowess of a mighty hero.
You feel slightly more hungry.
You slice the hill giant!! You slash the hill giant!
The hill giant is severely wounded.
The hill giant closely misses you.
You completely miss the hill giant.
The hill giant is severely wounded.
The orc hits you with a dagger.
You hit the hill giant but do no damage.
The hill giant is severely wounded.
The hill giant hits you with a giant spiked club!!!
Ouch! That really hurt!
You die...

#.# ######.# .....#.#
####.#.# # ##..#.######## .#
##............########.#####
..............#.............
##...#.######.#.####........
.)........()...C@...........
.................o......##.#
............#.####.#.......
.#...#.###..#.## #.#........
............... .......##.t
.#...#.###..#.####.#....# .
.#..##.###.)#.####.#....#
........................#
.#..##.###..#.####.


You could see a hill giant and an orc.

Vanquished Creatures
  A skeletal warrior (D:10)
  A two-headed ogre (D:11)
  A spriggan (D:7)
  A steam dragon (D:7)
  3 hippogriffs
  Duvessa (D:5)
  3 orc warriors
  2 sky beasts (D:5)
  An ice beast (D:6)
  A phantom (D:7)
  8 ogres
  2 centaurs (D:6)
  3 big kobolds
  2 giant frogs
  Blork the orc (D:5)
  A water moccasin zombie (D:9)
  A gnoll sergeant (D:9)
  Dowan (D:5)
  2 scorpions
  3 howler monkeys
  4 crimson imps
  3 jellies
  2 orc priests
  2 giant frog skeletons (D:6)
  5 hounds
  Terence (D:2)
  2 iguanas
  Natasha (thrice) (D:3)
  11 orc wizards
  2 worker ants
  A killer bee zombie (D:9)
  A big kobold zombie (Ossuary)
  A hound zombie (D:5)
  A howler monkey zombie (D:6)
  15 adders
  6 gnolls
  An ooze (D:2)
  2 adder zombies
  5 worms
  A dart slug (D:2)
  2 giant geckos
  25 orcs
  4 giant cockroaches
  2 gnoll zombies (Ossuary)
  11 goblins
  8 hobgoblins
  2 jackals (D:1)
  12 kobolds
  5 quokkas
  A ball python (D:3)
  9 bats
  11 giant newts
  2 hobgoblin zombies (Ossuary)
  2 kobold zombies (Ossuary)
  5 orc zombies (Ossuary)
  A quokka zombie (D:6)
  6 rats
216 creatures vanquished.

Vanquished Creatures (collateral kills)
  The ghost of Inkary the Grappler, a novice HOMo of Qazlal (D:8)
  2 hill giants (D:10)
  A manticore (D:10)
  2 gargoyles (D:10)
  A basilisk (D:9)
  A hungry ghost (D:9)
  A steam dragon (D:8)
  2 hell hounds (D:8)
  An orc warrior (D:9)
  2 ice beasts
  An ogre (D:8)
  A phantom (D:9)
  A wasp (D:10)
  A centaur (D:8)
  6 giant frogs
  3 water moccasin zombies
  A scorpion (D:9)
  3 killer bees
  3 jellies
  4 crimson imps
  A giant frog zombie (D:8)
  3 giant frog skeletons
  5 orc wizards (D:9)
  A centaur skeleton (D:6)
  A big kobold zombie (Ossuary)
  2 mummies (Ossuary)
  A worker ant zombie (D:10)
  An adder (D:8)
  A shadow imp (D:7)
  An adder zombie (Ossuary)
  8 orcs (D:9)
  3 gnoll zombies (Ossuary)
  A hobgoblin zombie (Ossuary)
  A jackal zombie (D:8)
  4 kobolds
  2 kobold zombies (Ossuary)
  2 orc zombies (Ossuary)
76 creatures vanquished.

Vanquished Creatures (others)
  An ice dragon (D:6)
  A centaur (D:8)
  An orc wizard (D:9)
  3 fungi (D:7)
  A plant (D:7)
7 creatures vanquished.

Grand Total: 299 creatures vanquished

Notes
Turn   | Place    | Note
--------------------------------------------------------------
     0 | D:1      | GameOver the Naga Transmuter began the quest for the Orb.
     0 | D:1      | Reached XP level 1. HP: 18/18 MP: 3/3
   130 | D:1      | Reached skill level 1 in Stealth
   286 | D:1      | Reached XP level 2. HP: 19/25 MP: 1/5
   865 | D:2      | Noticed Terence
   872 | D:1      | Learned a level 2 spell: Sticks to Snakes
   890 | D:2      | Reached skill level 3 in Transmutations
   890 | D:2      | Reached XP level 3. HP: 31/31 MP: 4/6
  1024 | D:2      | Learned a level 3 spell: Spider Form
  1135 | D:3      | Reached XP level 4. HP: 23/38 MP: 5/7
  1159 | D:3      | Found a sacrificial altar of Ru.
  1305 | D:2      | Found a white marble altar of Elyvilon.
  1393 | D:2      | Reached skill level 1 in Poison Magic
  1515 | D:2      | Killed Terence
  1515 | D:2      | Reached skill level 4 in Transmutations
  1546 | D:3      | Noticed Natasha
  1557 | D:3      | Killed Natasha
  1557 | D:3      | Reached XP level 5. HP: 8/44 MP: 2/8
  1646 | D:3      | Noticed Rationalist's ghost (amateur MiGl)
  1658 | D:4      | Found Xuxusef's Jewellery Emporium.
  2127 | D:4      | Found a radiant altar of Vehumet.
  2520 | D:3      | Found a sparkling altar of Nemelex Xobeh.
  2577 | D:3      | Found an iron altar of Okawaru.
  2614 | D:3      | Became a worshipper of Warmaster Okawaru
  2714 | D:3      | Found a shimmering altar of Xom.
  2829 | D:3      | Noticed Natasha
  2836 | D:3      | Killed Natasha
  2836 | D:3      | Reached skill level 5 in Transmutations
  2836 | D:3      | Reached XP level 6. HP: 35/51 MP: 7/9
  2857 | D:3      | Noticed Natasha
  2864 | D:3      | Killed Natasha
  3208 | D:3      | Reached XP level 7. HP: 57/57 MP: 7/10
  3247 | D:5      | Entered Level 5 of the Dungeon
  3310 | D:5      | Noticed Duvessa
  3310 | D:5      | Noticed Blork the orc
  3311 | D:5      | Noticed Dowan
  3329 | D:5      | Killed Duvessa
  3329 | D:5      | Reached skill level 6 in Transmutations
  3333 | D:5      | Killed Dowan
  3333 | D:5      | Reached * piety under Okawaru
  3518 | D:5      | Reached skill level 7 in Transmutations
  3883 | D:5      | Found a staircase to the Ecumenical Temple.
  3905 | D:5      | Found an ancient bone altar of Kikubaaqudgha.
  3907 | D:5      | Found a shadowy altar of Dithmenos.
  4068 | D:5      | Reached XP level 8. HP: 48/64 MP: 8/11
  4078 | D:5      | Learned a level 5 spell: Blade Hands
  4377 | D:5      | Killed Blork the orc
  4407 | Temple   | Entered the Ecumenical Temple
  4784 | D:5      | Reached skill level 8 in Transmutations
  4876 | D:6      | Reached ** piety under Okawaru
  4895 | D:6      | Reached skill level 5 in Unarmed Combat
  5245 | D:6      | Reached skill level 9 in Transmutations
  5313 | D:6      | Got a polished chain mail
  5324 | D:6      | Identified the +5 chain mail of Insatiable Hunger {rElec Int+7 Slay-6 Stlth+} (You found it on level 6 of the Dungeon)
  5364 | D:6      | Reached XP level 9. HP: 50/70 MP: 8/12
  5370 | D:6      | Found a stormy altar of Qazlal.
  5384 | D:6      | Reached *** piety under Okawaru
  5400 | D:6      | Found Xiweeqin's Magic Scroll Shop.
  5403 | D:6      | Bought a scroll of identify for 26 gold pieces
  5403 | D:6      | Bought a scroll of identify for 26 gold pieces
  5795 | D:6      | Found an oddly glowing altar of Pakellas.
  5796 | D:6      | Noticed an ice dragon
  5824 | D:6      | Killed an ice dragon
  5865 | D:6      | Found a stormy altar of Qazlal.
  6412 | D:7      | Found a sand-covered staircase.
  6525 | Ossuary  | Entered an ossuary
  6558 | Ossuary  | Reached skill level 5 in Stealth
  6804 | Ossuary  | Identified a scroll of acquirement
  6841 | D:7      | Reached skill level 10 in Transmutations
  7328 | D:7      | Found a shattered altar of Ashenzari.
  7365 | D:8      | Found a burning altar of Makhleb.
  7372 | D:8      | Noticed Inkary's ghost (novice HOMo)
  7376 | D:8      | Reached **** piety under Okawaru
  7388 | D:8      | Killed Inkary's ghost
  7388 | D:8      | Reached XP level 10. HP: 66/78 MP: 14/14
  7551 | D:8      | Found a staircase to the Lair.
  7580 | D:8      | Reached skill level 11 in Transmutations
  7648 | D:8      | Found a glowing silver altar of Zin.
  7648 | D:8      | Found an opulent altar of Gozag.
  7758 | D:8      | Found a white marble altar of Elyvilon.
  7895 | D:8      | Learned a level 4 spell: Ice Form
  8419 | D:9      | Reached ***** piety under Okawaru
  8794 | D:9      | Received a gift from Okawaru
  9040 | D:10     | Entered Level 10 of the Dungeon
  9040 | D:10     | Noticed a gargoyle
  9262 | D:10     | Noticed a gargoyle
  9306 | D:10     | Noticed a manticore
  9318 | D:10     | Killed a manticore
  9399 | D:10     | Noticed a hill giant
  9408 | D:10     | Killed a hill giant
  9408 | D:10     | Reached skill level 12 in Transmutations
  9560 | D:10     | Noticed a hill giant
  9577 | D:10     | Killed a hill giant
  9577 | D:10     | Reached skill level 5 in Spellcasting
  9660 | D:10     | Found a blossoming altar of Fedhas.
  9755 | D:10     | Reached skill level 1 in Invocations
  9849 | D:10     | Killed a gargoyle
  9849 | D:10     | Reached XP level 11. HP: 38/84 MP: 19/19
 10032 | D:11     | Noticed a skeletal warrior
 10050 | D:11     | Noticed a skeletal warrior
 10052 | D:11     | Noticed a skeletal warrior
 10066 | D:11     | Noticed a skeletal warrior
 10066 | D:11     | Noticed a skeletal warrior
 10182 | D:10     | Killed a skeletal warrior
 10511 | D:11     | Noticed a hill giant
 10531 | D:11     | Slain by a hill giant

Skill      XL: |  1  2  3  4  5  6  7  8  9 10 11 |
---------------+----------------------------------+-----
Stealth        | 1 2 3 6 |  6.1
Transmutations | 3 4 5 7 9 10 12 | 12.0
Poison Magic   | 2 3 4 |  4.3
Unarmed Combat | 4 5 7 8 |  8.0
Spellcasting   | 5 6 |  6.1
Invocations    | 1 4 |  4.0
Fighting       | |  1.0
Dodging        | |  1.8

Action                   |  1- 3 |  4- 6 |  7- 9 | 10-12 || total
-------------------------+-------+-------+-------+-------++-------
Melee: Unarmed           |    76 |    54 |   131 |   138 ||   399
       Headbutt          |     4 |    11 |     2 |       ||    17
       Dagger            |     1 |     1 |    12 |     3 ||    17
       Punch             |     1 |       |     3 |     3 ||     7
       Whip              |       |    43 |    89 |     6 ||   138
       Staff             |       |       |     7 |    12 ||    19
 Cast: Beastly Appendage |    16 |    19 |     6 |       ||    41
       Sticks to Snakes  |       |     7 |    47 |    76 ||   130
       Spider Form       |       |     4 |    21 |    20 ||    45
       Blade Hands       |       |       |       |     3 ||     3
Invok: Heroism           |       |       |       |     2 ||     2
 Abil: Spit Poison       |    42 |    49 |    48 |    37 ||   176
       End Transformatio |       |       |       |     1 ||     1
  Use: Scroll            |     2 |     3 |    13 |     3 ||    21
       Potion            |     1 |     1 |     1 |     3 ||     6
 Stab: Sleeping          |       |     2 |     1 |     4 ||     7
       Distracted        |       |       |     6 |     3 ||     9
  Eat: Chunk             |     3 |    10 |     7 |    10 ||    30
       Meat ration       |       |       |     3 |     1 ||     4
Armor: Robe              |    16 |     7 |       |       ||    23
       Leather armour    |       |    30 |    43 |    13 ||    86
       Skin              |       |     1 |     1 |     5 ||     7
       Steam dragon armo |       |       |       |    10 ||    10
Dodge: Dodged            |    66 |    58 |   120 |   123 ||   367
Block: Other             |       |       |    22 |    20 ||    42
       Reflection        |       |       |     1 |     4 ||     5
